[Event "10th Amsterdam Science Park 2022"]
[Site "Amsterdam"]
[Date "2022.07.24"]
[Round "7.9"]
[White "Van Nieuwkerk, Ton"]
[Black "Duchene, Rene"]
[Result "0-1"]
[ECO "C02"]
[WhiteElo "2014"]
[BlackElo "2137"]
[Annotator "TA"]
[PlyCount "100"]
[EventDate "2022.07.18"]
[EventCountry "NED"]
[SourceTitle "playchess.com"]
[Source "ChessBase"]
[SourceQuality "1"]
[TimeControl "5400+30"]

1. e4 e6 2. d4 d5 3. e5 c5 4. c3 Qb6 5. Nf3 Nc6 6. a3 Nh6 7. b4 cxd4 8. cxd4 Nf5 9. Bb2 {[%emt 0:00:13] 9.Be3 might become the main line.} Bd7 10. g4 Nfe7 11. Bd3 {[%emt 0:02:57] C02: French: Advance Variation.} Ng6 12. Qd2 {[%emt 0:02:33] [#]} Qd8 $146 ({Predecessor:} 12... Rc8 13. Nc3 Nxd4 14. Nxd4 Qxd4 15. Bxg6 Qxd2+ 16. Kxd2 hxg6 17. f4 Rh3 18. Rac1 a5 {0-1 (35) Zaichenko,D (2104)-Schmidt,T (2272) Chess.com INT 2021}) 13. h4 {[%emt 0:05:11] The position is equal.} h5 $1 14. Bxg6 fxg6 15. Qd3 (15. Qf4 $11) 15... Ne7 $15 16. g5 Nf5 17. Nc3 Be7 18. O-O O-O 19. Rfc1 Qb6 20. Kg2 Rfc8 21. Ne2 a5 22. Rxc8+ Rxc8 23. Nf4 ({White should play} 23. Ng3) 23... Kf7 $17 (23... axb4 24. axb4 Bb5 25. Qb3 $17) 24. Bc3 a4 ({Not} 24... axb4 25. axb4 Bb5 26. Qd2 $15) ({Black should try} 24... Qa6 $17 {...Qxd3 is the strong threat.} 25. Qd2 Qc4) 25. Bb2 Bb5 {[%emt 0:01:40] Active counter play!} 26. Qd2 Rc4 27. Rc1 Qc6 28. Rc3 Bd8 29. Ba1 Bb6 30. Bb2 (30. Kh2 $15) 30... Ba6 (30... Bxd4 $19 31. Nxd4 Rxd4 32. Qxd4 Nxd4 33. Rxc6 Nxc6) 31. Rc1 {[%emt 0:08:29] This move loses the game for White.} (31. Rxc4 $15 Qxc4 32. Qd1) 31... Rxc1 $19 32. Bxc1 Qc4 33. Bb2 {[%emt 0:00:19] [#]} Qf1+ 34. Kh2 Bc4 35. Bc3 Bb3 36. Nh3 (36. Ne1 $142) 36... Bd1 {[%emt 0:02:15] Chess con chili.} 37. Nhg1 Kg8 38. Bb2 Bb3 39. Bc3 Bc4 {[%emt 0:00:22] Strongly threatening ...Qb1.} 40. Bb2 Kf8 41. Bc3 Kf7 {[%emt 0:00:00] White must now prevent ...Qb1.} 42. Bb2 Qb1 {[%emt 0:00:00] Hoping for ...Qe4.} 43. Nh3 Bd3 44. Nhg1 Be4 45. Kh3 $2 {[%emt 0:00:00] [#]} (45. Ne1 Nxh4 46. Kh3) 45... Bxf3 46. Nxf3 Qh1+ 47. Nh2 Qe4 48. f4 Bxd4 49. Bxd4 Qxd4 50. Qc1 Qf2 {[%emt 0:00:00] Weighted Error Value: White=0.67/Black=0.34} 0-1

[Event "10th Amsterdam Science Park 2022"]
[Site "Amsterdam"]
[Date "2022.07.24"]
[Round "7.10"]
[White "Tan, Kevin"]
[Black "Golbach, Floris"]
[Result "0-1"]
[ECO "A00"]
[WhiteElo "2209"]
[BlackElo "2012"]
[Annotator "TA"]
[PlyCount "54"]
[EventDate "2022.07.18"]
[EventCountry "NED"]
[SourceTitle "playchess.com"]
[Source "ChessBase"]
[SourceQuality "1"]
[TimeControl "5400+30"]

1. Nf3 c5 2. Nc3 Nc6 3. b3 d5 4. Bb2 Nf6 {[%emt 0:01:24] [#]} 5. g3 $146 ({Predecessor:} 5. d4 cxd4 6. Nxd4 e5 7. Nxc6 bxc6 8. e3 Bb4 9. a3 Ba5 10. b4 Bc7 11. Ne2 {1-0 (65) Gerold,R (1479)-Ortner,J (1776) Burg Ortenberg 2018}) 5... Bg4 6. Bg2 {[%emt 0:01:17] A00: Irregular Openings.} e6 7. h3 Bh5 8. d3 {[%emt 0:06:20] Black has an edge.} Be7 9. Qd2 a6 ({Better is} 9... d4 $15 10. Nb1 O-O) 10. g4 Bg6 11. g5 {[%emt 0:01:02] [#]} (11. Nh4 $11) 11... Nh5 $1 $17 12. h4 Qc7 13. e3 {[%emt 0:03:01] Against Nf4} O-O-O 14. O-O-O Kb8 15. Na4 (15. Kb1 $15) 15... f6 16. d4 (16. Ba3 $17) 16... Nb4 (16... cxd4 $19 17. Nxd4 Nxd4 18. Bxd4 Rc8) 17. Ba3 Nxc2 {[%emt 0:10:18] Black is more active.} (17... Bxc2 $2 18. Bxb4 Bxd1 19. Ba5 $18) 18. Bxc5 b6 $2 {[%emt 0:06:03] This move loses the game for White.} (18... e5 $17) 19. Bxb6 $2 (19. gxf6 gxf6 20. Bxe7 Qxe7 21. Rdg1) 19... Ba3+ $19 20. Kb1 Nxe3+ {[%emt 0:00:51][%mdl 64] Discovered Attack, Double Attack} 21. Ka1 Nc2+ 22. Kb1 Nxd4+ 23. Ka1 Nc2+ 24. Kb1 Qc6 {[%emt 0:02:12] And now ...Bb4 would win.} 25. Qa5 (25. Bf1 $142 Bb4 26. Qc1) 25... Rc8 {[%emt 0:01:24] ( -> ...Ne1+)} 26. Nd2 Nb4+ (26... Ne1+ $142 27. Ka1 {[#]} Qc1+ $3 28. Rxc1 Rxc1+ 29. Nb1 Rxb1#) 27. Ka1 Qc2 {[%emt 0:00:12] Weighted Error Value: White=0.89/Black=0.41} 0-1